 Dungeon Crawl Stone Soup version 0.26.1-11-gd32895ea62 (webtiles) character file.

Game seed: 2852212922257180149

285 bnorton916 the Shield-Bearer (level 6, -1/49 HPs)
             Began as a Formicid Fighter on June 26, 2021.
             Slain by an ogre
             ... wielding a +0 giant club
              (12 damage)
             ... on level 4 of the Dungeon.
             The game lasted 00:04:19 (2750 turns).

bnorton916 the Shield-Bearer (Formicid Fighter)     Turns: 2750, Time: 00:04:20

Health: -1/49      AC:  8    Str: 23    XL:     6   Next: 55%
Magic:  6/6        EV: 12    Int:  7    God:
Gold:   156        SH: 10    Dex: 10    Spells: 5/5 levels left

rFire    . . .     SeeInvis +   l - +2 spear (vamp)
rCold    . . .     Faith    .   c - +0 kite shield
rNeg     . . .     Spirit   .   b - +0 scale mail
rPois    .         Reflect  .   (helmet unavailable)
rElec    .         Harm     .   (no cloak)
rCorr    .         Rampage  .   m - +0 pair of gloves
Will     .....                  (no boots)
Stlth    ..........             (no amulet)
HPRegen  0.16/turn              o - +4 ring of evasion
MPRegen  0.10/turn              (no ring)

@: no status effects
A: permanent stasis, dig shafts and tunnels, four strong arms, antennae 3
a: Dig, Shaft Self


You were on level 4 of the Dungeon.
You visited 1 branch of the dungeon, and saw 4 of its levels.

You collected 156 gold pieces.

Inventory:

Hand Weapons
 a - a +0 war axe
 l - a +2 vampiric spear (weapon)
Armour
 b - a +0 scale mail (worn)
 c - a +0 kite shield (worn)
 m - a +0 pair of gloves (worn)
Jewellery
 f - an uncursed amulet of faith
 o - a +4 ring of evasion (left hand)
 q - an uncursed ring of ice {unknown}
Scrolls
 n - 3 scrolls of remove curse
 p - a scroll of teleportation {unknown}
Potions
 d - a potion of might
 e - 4 potions of curing {unknown}
 g - a potion of resistance {unknown}
 h - a potion of berserk rage
 i - a potion of lignification
 j - 3 potions of invisibility
 k - a potion of attraction


   Skills:
 + Level 4.6 Fighting
 + Level 3.6 Axes
 + Level 4.6 Armour
 + Level 5.2 Shields


You had 5 spell levels left.
You didn't know any spells.
Your spell library was empty.

Dungeon Overview and Level Annotations

Branches:
Dungeon (4/15)
 Temple: D:4-7

Altars:
Elyvilon
Sif Muna
Wu Jian
The Shining One


Innate Abilities, Weirdness & Mutations

You cannot be hasted, slowed, berserked, paralysed or teleported.
You can dig through walls and to a lower floor.
Your four strong arms can wield two-handed weapons with a shield.
You have a pair of large antennae on your head. (SInv)


Message History

* * * LOW HITPOINT WARNING * * *
The orc wizard casts a spell.
The orc wizard blinks!
You block the orc's attack.
You extend your mandibles.
You dig through the rock wall.
You dig through the rock wall.
You dig through the rock wall.
You dig through the rock wall.
You block the orc's attack.
You dig through the rock wall.
The ogre hits you with a +0 giant club.
* * * LOW HITPOINT WARNING * * *
You dig through the rock wall.
The orc wizard casts a spell.
The orc wizard blinks!
You retract your mandibles.
You barely miss the orc. The orc completely misses you.
You extend your mandibles.
You dig through the rock wall.
You block the orc's attack. The ogre hits you with a +0 giant club!
You die...

.................##
##...............#
.....!#####..............#
.#........................
.#.........##.##.....(.....
............##..............
............#####o#.........
#..........##.##O#........
#..........###†@o#o#......
#.............##...#......
##.......####...(..# .....
#.........# ##.....# .....
#...).o...# #.....# ....
.#.........# #.....# ....
......o....# ##.....#.
...........###.<........
..........###.#.........


You could see an ogre and 2 orcs.

Vanquished Creatures
  A scorpion (D:4)
  A hound (D:4)
  2 orc wizards (D:4)
  A worker ant (D:2)
  2 adders
  3 oozes
  4 worms (D:2)
  3 leopard geckos
  5 orcs
  A ball python (D:2)
  6 bats
  6 giant cockroaches
  10 goblins
  11 hobgoblins
  A quokka (D:2)
  9 frilled lizards
  6 kobolds (D:1)
  A quokka skeleton (D:4)
  7 rats
80 creatures vanquished.

Notes
Turn   | Place    | Note
-------+----------+-------------------------------------------
     0 | D:1      | bnorton916 the Formicid Fighter began the quest for the
                  | Orb.
     0 | D:1      | Reached XP level 1. HP: 18/18 MP: 1/1
    41 | D:1      | Reached XP level 2. HP: 24/24 MP: 2/2
   345 | D:1      | Reached XP level 3. HP: 29/29 MP: 3/3
   400 | D:1      | Reached skill level 4 in Shields
   941 | D:2      | Reached XP level 4. HP: 34/37 MP: 4/4
  1506 | D:2      | Found a shimmering blue altar of Sif Muna.
  1519 | D:2      | Found a white marble altar of Elyvilon.
  1524 | D:2      | Found a glowing golden altar of the Shining One.
  1555 | D:2      | Reached XP level 5. HP: 42/42 MP: 5/5
  2146 | D:3      | Found an ornate altar of the Wu Jian Council.
  2631 | D:4      | Reached skill level 5 in Shields
  2631 | D:4      | Reached XP level 6. HP: 49/49 MP: 6/6
  2714 | D:4      | Noticed an ogre
  2750 | D:4      | Slain by an ogre

Illustrated notes

Levels and vault maps discovered:
D:1:      dpeg_arrival_arbitrary_c, layout_loops_cross
D:2:      layout_basic, minmay_overflow_temple_star_quad, minmay_tetromino_l2
D:3:      layout_loops_ring, lemuel_round_altar
D:4:      layout_rooms

Skill      XL: |  1  2  3  4  5 |
---------------+----------------+-----
Shields        | 4 5 |  5.2
Fighting       | 4 |  4.6
Armour         | 4 |  4.6
Axes           | 3 |  3.6

Action                   |  1- 3 |  4- 6 || total
-------------------------+-------+-------++-------
Melee: War axe           |   100 |    60 ||   160
       Spear             |       |   146 ||   146
 Abil: Dig               |       |     5 ||     5
  Use: Scroll            |       |     6 ||     6
Armor: Scale mail        |    37 |    47 ||    84
Dodge: Dodged            |    44 |    88 ||   132
Block: Kite shield       |    54 |   100 ||   154
